 Dungeon Crawl Stone Soup version 0.30.1-11-g7821555f0a (webtiles) character file.

Game seed: 14752560662599008513

23417 comborobin the Bludgeoner (level 13, 0/98 HPs)
             Began as a Formicid Delver on Dec 17, 2023.
             Was the Champion of Cheibriados.
             Slain by Frances
             ... wielding a +0 flail
              (22 damage)
             ... on level 14 of the Dungeon.
             The game lasted 00:23:33 (15610 turns).

comborobin the Bludgeoner (Formicid Delver)        Turns: 15610, Time: 00:23:34

Health: 0/98       AC: 20    Str: 40    XL:     13   Next: 35%
Magic:  29/29      EV: 16    Int: 25    God:    Cheibriados [******]
Gold:   552        SH:  0    Dex: 29    Spells: 12/12 levels left

rFire   . . .        G - +3 giant spiked club (spect)
rCold   . . .        (shield currently unavailable)
rNeg    . . .        n - +3 chain mail
rPois   .            (helmet unavailable)
rElec   +            T - +0 cloak
rCorr   .            s - +2 pair of gloves
SInv    +            y - +0 pair of boots "Zafokhlyq" {+Inv rElec MP+9}
Will    ++...        (no amulet)
Stlth   +            S - +4 ring of protection
HPRegen 0.36/turn    O - +5 ring of evasion
MPRegen 0.21/turn

%: no passive effects
@: corroded, studying 2 skills, very slow
A: permanent stasis, dig shafts and tunnels, antennae 3, four strong arms,
strong-willed 1, strong 1
a: Dig, Shaft Self, Renounce Religion, Evoke Invisibility, Bend Time, Temporal
Distortion, Slouch, Step From Time


You were on level 14 of the Dungeon.
You worshipped Cheibriados.
Cheibriados was exalted by your worship.
You visited 2 branches of the dungeon, and saw 15 of its levels.
You also visited: Bailey.

You collected 816 gold pieces.
You spent 264 gold pieces at shops.

Inventory:

Hand Weapons
 a - the +10 morningstar "Eos" {elec, Halo rElec}
   (You took it off a kobold demonologist in a bailey)

   Halo:      It grants its wielder a halo, revealing invisible creatures and
   increasing accuracy against all within it other than the wielder.
   rElec:     It insulates you from electricity.
 i - a +0 great mace
 x - a +0 dagger of venom
 B - a +3 great sword
 G - a +3 spectral giant spiked club (weapon)
 W - a +0 longbow
 Y - a +5 morningstar
Missiles
 m - 2 throwing nets
 u - 33 poisoned darts (quivered)
Armour
 d - a +0 plate armour
 j - the +3 leather armour of Death's Door {rC+}
   (You took it off a kobold demonologist in a bailey)

   rC:        It protects you from cold.
 n - a +3 chain mail (worn)
 s - a +2 pair of gloves (worn)
 y - the +0 pair of boots "Zafokhlyq" (worn) {+Inv rElec MP+9}
   (You acquired it in a bailey)

   rElec:     It insulates you from electricity.
   MP:        It affects your magic capacity (+9).
   +Inv:      It lets you turn invisible.
 E - a +1 ring mail of willpower
 R - a +0 kite shield
 T - a +0 cloak (worn)
Jewellery
 z - a +6 ring of intelligence
 N - a +4 ring of protection
 O - a +5 ring of evasion (right hand)
 S - a +4 ring of protection (left hand)
 Z - an amulet of the acrobat
Wands
 f - a wand of digging (3)
 g - a wand of mindburst (1)
 h - a wand of flame (25)
 o - a wand of polymorph (11)
 X - a wand of roots (4)
Scrolls
 b - 2 scrolls of silence {unknown}
 c - 7 scrolls of fog
 e - a scroll of fear
 q - 3 scrolls of vulnerability {unknown}
 r - 4 scrolls of blinking {unknown}
 t - 3 scrolls of torment {unknown}
 v - a scroll of poison {unknown}
 C - a scroll of magic mapping
 D - 5 scrolls of enchant weapon
 F - a scroll of amnesia {unknown}
 H - 6 scrolls of identify
 K - 7 scrolls of teleportation {unknown}
Potions
 k - a potion of magic {unknown}
 l - 2 potions of brilliance
 p - 4 potions of might {unknown}
 w - a potion of degeneration {unknown}
 A - a potion of resistance {unknown}
 I - 2 potions of flight
 J - a potion of cancellation
 L - a potion of mutation
 M - 2 potions of heal wounds
 P - 8 potions of curing
 Q - 3 potions of invisibility {unknown}
 U - 4 potions of attraction {unknown}
Miscellaneous
 V - a phantom mirror


   Skills:
 + Level 7.8 Fighting
 - Level 7.0 Long Blades
 * Level 15.8 Maces & Flails
 - Level 10.0 Armour
 - Level 1.7 Dodging
 - Level 6.0 Stealth
 - Level 10.0 Invocations


You had 12 spell levels left.
You didn't know any spells.
Your spell library contained the following spells:

 Spells                   Type           Power      Damage    Failure   Level
 Magic Dart               Conj           0%         1d3       32%         1
 Slow                     Hex            0%         N/A       32%         1
 Summon Small Mammal      Summ           0%         N/A       32%         1
 Call Imp                 Summ           0%         N/A       45%         2
 Call Canine Familiar     Summ           0%         N/A       69%         3
 Confusing Touch          Hex            0%         N/A       69%         3
 Dazzling Flash           Conj/Hex       0%         N/A       69%         3
 Mephitic Cloud           Conj/Pois/Air  0%         N/A       69%         3
 Summon Guardian Golem    Hex/Summ       0%         N/A       69%         3
 Vampiric Draining        Necr           0%         2d6       69%         3
 Agony                    Necr           0%         N/A       100%        5
 Silence                  Hex/Air        0%         N/A       100%        5


Dungeon Overview and Level Annotations

Branches:
Dungeon (14/15)            Temple (1/1) D:7            Lair (0/5) D:9
    Orc (0/2) D:9          Bailey (visited)
 Vaults: D:13-14

Altars:
Ashenzari
Cheibriados
Dithmenos
Elyvilon
Fedhas
Gozag
Hepliaklqana
Kikubaaqudgha
Makhleb
Nemelex Xobeh
Okawaru
Qazlal
Ru
Sif Muna
Trog
Uskayaw
Vehumet
Wu Jian
Xom
Yredelemnul
Zin
The Shining One

Shops:
D:5 !   D:6 :   D:7 *

Annotations:
D:5 2 runed translucent doors, whendricso's ghost, novice DjHW
D:14 Frances


Innate Abilities, Weirdness & Mutations

You cannot be hasted, slowed, berserked, paralysed or teleported.
You can dig through walls and to a lower floor.
You have a pair of large antennae on your head. (SInv)
Your four strong arms can wield two-handed weapons with a shield.
You are strong-willed. (Will+)
Your muscles are strong. (Str +4, Int/Dex -1)


Message History

The shard of ice misses you.
The orange demon stings you but does no damage.
You closely miss Frances.
Frances is lightly wounded.
The orange demon stings you but does no damage.
The smoke demon gestures at you. Something smites you!
Frances chants phrases taken from a devil's mouth.
Frances seems to speed up.
Unknown command.
You pound Frances like an anvil!!!
Frances is moderately wounded.
Frances mutters in a terrible tongue.
The orange demon barely misses you.
Unknown command.
You hit Frances.
Frances is heavily wounded.
Frances mutters in a terrible tongue.
The iron shot misses you.
The iron shot hits the red devil!!!
The red devil dies!
The red devil disappears in a puff of smoke!
The orange demon stings you but does no damage.
Frances hits you with a +0 flail!
You bludgeon Frances!!
Frances is heavily wounded.
Frances closely misses you. The orange demon stings you from afar.
The smoke demon gestures at you. Something smites you!
Unknown command.
You hit Frances but do no damage.
Frances is heavily wounded.
Frances hits you but does no damage. The orange demon stings you from afar!
* * * LOW HITPOINT WARNING * * *
The rust devil hits you. The rust devil corrodes you!
Frances hits you with a +0 flail.
* * * LOW HITPOINT WARNING * * *
You barely miss Frances.
Frances is heavily wounded.
Frances hits you with a +0 flail!!
You die...

....... ......#.
...∩.... #.....#
###..... .# #
.{... .#
....####4#####.#
....44@@.....#.#
...#####.###.#.#
...# #.#.#
#######.#.#
..........#
#######.### #.#
#.# #.#


You could see Frances (fast, empowered), an orange demon (summoned) and 2 rust
devils.

Vanquished Creatures
  A death knight (D:13)
  A centaur warrior (D:12)
  3 two-headed ogres
  The ghost of bairyn the Trooper, a novice MiFi of Makhleb (D:7)
  An orc knight (Bailey)
  2 phantasmal warriors (D:13)
  A deep elf pyromancer (D:10)
  2 ugly things
  5 cyclopes
  An unseen horror zombie (D:8)
  2 gargoyles
  5 kobold demonologists
  A komodo dragon (D:13)
  3 meliai (D:13)
  A queen bee (D:13)
  2 trolls
  A hornet (D:8)
  3 wraiths
  Sigmund (D:3)
  A wyvern (D:10)
  12 slime creatures
  6 yaks (D:9)
  3 shadows
  5 vampire mosquitoes
  An acid dragon (D:12)
  11 orc warriors
  2 sky beasts (D:7)
  2 ogres
  10 centaurs
  A kobold brigand (D:11)
  A phantom (D:5)
  4 necrophages (D:8)
  A wyvern zombie (D:8)
  3 bullfrogs
  2 gnoll sergeants
  9 scorpions
  16 wights
  A jelly (D:7)
  24 killer bees
  7 howler monkeys
  3 electric eels (Bailey)
  4 hounds
  A gnoll bouda (D:8)
  4 orc priests
  5 iguanas
  A sleepcap (D:4)
  6 orc wizards
  22 gnolls
  6 adders
  2 shadow imps
  A white imp (D:5)
  2 ufetubi (D:5)
  2 worms (D:4)
  5 dart slugs
  24 orcs
  11 ball pythons
  9 endoplasms
  2 giant cockroaches
  9 hobgoblins
  4 jackals (D:1)
  13 kobolds
  4 quokkas
  6 bats
  5 frilled lizards
  18 goblins
  5 rats
333 creatures vanquished.

Vanquished Creatures (collateral kills)
  A water moccasin (D:6)
  A kobold brigand (D:7)
  An orc wizard (D:7)
  4 gnolls (D:6)
  A kobold (D:7)
8 creatures vanquished.

Vanquished Creatures (others)
  A spectral weapon (D:13)
1 creature vanquished.

Grand Total: 342 creatures vanquished

Notes
Turn   | Place    | Note
-------+----------+-------------------------------------------
     0 | D:5      | comborobin the Formicid Delver began the quest for the Orb.
     0 | D:5      | Reached XP level 1. HP: 18/18 MP: 1/1
    40 | D:5      | Noticed a hound
    53 | D:6      | Noticed a scorpion
    58 | D:5      | Noticed a phantom
    73 | D:5      | Noticed a scorpion
   109 | D:2      | Found a faded altar of an unknown god.
   158 | D:2      | Noticed an iguana
   207 | D:2      | Reached XP level 2. HP: 24/24 MP: 2/2
   394 | D:5      | Killed a phantom
   395 | D:5      | Reached skill level 4 in Maces & Flails
   395 | D:5      | Reached XP level 3. HP: 22/29 MP: 3/3
   395 | D:5      | Reached XP level 4. HP: 27/35 MP: 4/4
   648 | D:3      | Found a stormy altar of Qazlal.
   793 | D:5      | Reached XP level 5. HP: 23/41 MP: 5/5
   863 | D:5      | Found Ywaeh's Distillery.
   897 | D:5      | Bought a potion of heal wounds for 70 gold pieces
   940 | D:4      | Reached skill level 5 in Maces & Flails
  1131 | D:5      | Reached XP level 6. HP: 18/47 MP: 6/6
  1268 | D:5      | Found a runed translucent door.
  1401 | D:5      | Reached skill level 6 in Maces & Flails
  1412 | D:5      | Found a runed translucent door.
  1412 | D:5      | Noticed whendricso's ghost (novice DjHW)
  1833 | D:6      | Noticed an ogre
  1842 | D:6      | Killed an ogre
  1843 | D:6      | Reached skill level 7 in Maces & Flails
  1843 | D:6      | Reached XP level 7. HP: 52/52 MP: 7/7
  2253 | D:6      | Reached skill level 8 in Maces & Flails
  2253 | D:6      | Reached skill level 1 in Armour
  2491 | D:6      | Reached XP level 8. HP: 19/58 MP: 8/8
  3646 | D:6      | Found Dupsaf's Book Shoppe.
  3678 | D:7      | Found a staircase to the Ecumenical Temple.
  4008 | D:7      | Noticed bairyn's ghost (novice MiFi)
  4012 | D:7      | Found a transporter.
  4014 | D:7      | Found a transporter.
  4024 | D:7      | Noticed a troll
  4036 | D:7      | Reached skill level 5 in Armour
  4460 | D:7      | Found Atrej's General Store.
  4615 | D:6      | Reached XP level 9. HP: 60/63 MP: 9/9
  4685 | D:6      | Reached skill level 9 in Maces & Flails
  5013 | Temple   | Entered the Ecumenical Temple
  5034 | Temple   | Became a worshipper of Cheibriados the Contemplative
  5651 | D:1      | Reached * piety under Cheibriados
  6853 | D:3      | Noticed Sigmund
  6859 | D:3      | Killed Sigmund
  6859 | D:3      | Reached ** piety under Cheibriados
  7809 | D:7      | Found a sparkling altar of Nemelex Xobeh.
  8152 | D:7      | Bought a scroll of enchant armour for 97 gold pieces
  8152 | D:7      | Bought a scroll of enchant weapon for 97 gold pieces
  8310 | D:7      | Killed a troll
  8311 | D:7      | Reached skill level 10 in Armour
  8324 | D:7      | Killed bairyn's ghost
  8325 | D:7      | Reached XP level 10. HP: 58/70 MP: 9/13
  8357 | D:7      | Reached skill level 1 in Long Blades
  8375 | D:7      | Reached *** piety under Cheibriados
  8412 | D:7      | Found a transporter.
  8532 | D:7      | Found a staircase to the Ecumenical Temple.
  8548 | D:7      | Found Atrej's General Store.
  8712 | D:7      | Found a sparkling altar of Nemelex Xobeh.
  8959 | D:8      | Reached skill level 5 in Long Blades
  9001 | D:8      | Found a flagged portal.
  9015 | Bailey   | Entered a bailey
  9266 | Bailey   | Identified the +3 leather armour of Death's Door {rC+}
  9266 | Bailey   | Noticed a kobold demonologist
  9345 | Bailey   | Noticed an orc knight
  9377 | Bailey   | Killed an orc knight
  9378 | Bailey   | Reached skill level 10 in Maces & Flails
  9689 | Bailey   | Noticed a kobold demonologist
  9691 | Bailey   | Found an iron altar of Okawaru.
  9693 | Bailey   | Noticed an orange demon
  9697 | Bailey   | Killed a kobold demonologist
  9714 | Bailey   | Killed a kobold demonologist
  9714 | Bailey   | Reached **** piety under Cheibriados
  9715 | Bailey   | Reached skill level 11 in Maces & Flails
  9715 | Bailey   | Reached XP level 11. HP: 68/75 MP: 14/14
  9744 | Bailey   | Acquired the +0 pair of boots "Zafokhlyq" {+Inv rElec MP+9}
  9849 | Bailey   | Acquired a manual of Earth Magic
 10260 | D:8      | Found a blossoming altar of Fedhas.
 10544 | D:8      | Reached ***** piety under Cheibriados
 10545 | D:8      | Reached skill level 12 in Maces & Flails
 10997 | D:9      | Reached skill level 13 in Maces & Flails
 11019 | D:9      | Reached skill level 5 in Invocations
 11020 | D:9      | Noticed a cyclops
 11028 | D:9      | Killed a cyclops
 11187 | D:9      | Found a staircase to the Lair.
 11207 | D:9      | Found a staircase to the Orcish Mines.
 11229 | D:9      | Found a glowing silver altar of Zin.
 11420 | D:10     | Entered Level 10 of the Dungeon
 11423 | D:10     | Found a white marble altar of Elyvilon.
 11460 | D:10     | Found a radiant altar of Vehumet.
 11462 | D:10     | Noticed a deep elf pyromancer
 11473 | D:10     | Killed a deep elf pyromancer
 11667 | D:10     | Found an ornate altar of the Wu Jian Council.
 12202 | D:11     | Noticed a cyclops
 12216 | D:11     | Killed a cyclops
 12217 | D:11     | Reached XP level 12. HP: 43/81 MP: 18/18
 12432 | D:11     | Noticed a +0 hand axe
 12432 | D:11     | Noticed a +0 dagger
 12433 | D:11     | Found a hide-covered altar of Uskayaw.
 12455 | D:11     | Noticed a two-headed ogre
 12459 | D:11     | Killed a two-headed ogre
 12519 | D:11     | Noticed a two-headed ogre
 12523 | D:11     | Killed a two-headed ogre
 12524 | D:11     | Reached skill level 10 in Invocations
 12738 | D:11     | Reached ****** piety under Cheibriados
 13207 | D:12     | Noticed a centaur warrior
 13213 | D:12     | Killed a centaur warrior
 13339 | D:12     | Reached skill level 14 in Maces & Flails
 13397 | D:12     | Reached skill level 5 in Fighting
 14739 | D:13     | Gained mutation: You possess an exceptional clarity of
                  | mind. [potion of mutation]
 14739 | D:13     | Gained mutation: You are weak. (Str -2) [potion of
                  | mutation]
 14740 | D:13     | Lost mutation: You possess an exceptional clarity of mind.
                  | [potion of mutation]
 14740 | D:13     | Lost mutation: You are weak. (Str -2) [potion of mutation]
 14740 | D:13     | Gained mutation: Your spells are a little harder to cast,
                  | but a little more powerful. [potion of mutation]
 14740 | D:13     | Lost mutation: Your spells are a little harder to cast, but
                  | a little more powerful. [potion of mutation]
 14740 | D:13     | Gained mutation: You are strong-willed. (Will+) [potion of
                  | mutation]
 14740 | D:13     | Gained mutation: Your muscles are strong. (Str +4, Int/Dex
                  | -1) [potion of mutation]
 14813 | D:13     | Acquired a +3 spectral giant spiked club
 14822 | D:13     | Reached XP level 13. HP: 94/94 MP: 20/20
 14831 | D:13     | Reached skill level 15 in Maces & Flails
 15600 | D:14     | Noticed Frances
 15610 | D:14     | Slain by Frances

Illustrated notes

Levels and vault maps discovered:
D:1:      beargit_arrival_greenhouse, layout_basic
D:2:      layout_basic, hellmonk_ecumenical_altar_crossroads,
          minmay_pentomino_q4
D:3:      layout_loops_cross, grunt_qazlal_sundering, kennysheep_another_room,
          uniq_sigmund
D:4:      minmay_skewed_foursquare, layout_basic
D:5:      layout_rooms, ebering_ghost_sewer_f, serial_shops,
          nicolae_shop_window_shopping
D:6:      layout_basic, serial_shops, shop
D:7:      layout_basic, nemelex_spade_bored_becter, minmay_temple_entry_glass,
          nzn_ghost_randoct, serial_shops, shop, dk_noncrumbling_3
D:8:      layout_cave_pods, fedhas_altar_decomposition, enter_bailey_5
D:9:      layout_rooms, zin_statuary, lair_entry_dummy
D:10:     layout_loops_ring, fiery_altar_vehumet, grunt_temple_overflow_open
D:11:     layout_irregular_city, dancing_weapons_uskayaw
D:12:     layout_stronghold
D:13:     layout_cave_pools, nicolae_looking_at_the_future
D:14:     layout_basic, lightli_vaults_fourway_checkpoint,
          minmay_misc_feat_more_columns, serial_demonic, serial_demonic_b,
          serial_demonic_c, serial_demonic_c, serial_demonic_d,
          serial_demonic_d, serial_demonic_b, serial_demonic_c, uniq_rupert,
          uniq_kirke, uniq_frances, uniq_agnes
Temple:   minmay_freezing_vapour_temple

Skill      XL: |  1  2  3  4  5  6  7  8  9 10 11 12 13 |
---------------+----------------------------------------+-----
Maces & Flails | 4 5 7 8 9 11 13 14 15 | 15.8
Armour         | 2 6 10 | 10.0
Invocations    | 4 8 10 | 10.0
Long Blades    | 7 |  7.0
Fighting       | 6 7 |  7.8
Dodging        | |  1.7
Stealth        | |  6.0

Action                     |  1- 3 |  4- 6 |  7- 9 | 10-12 | 13-15 || total
---------------------------+-------+-------+-------+-------+-------++-------
  Melee: Mace              |    13 |    62 |    26 |       |       ||   101
         Unarmed           |       |     6 |       |       |       ||     6
         Dagger            |       |       |    50 |       |       ||    50
         Flail             |       |       |   235 |       |       ||   235
         Spear             |       |       |     4 |       |       ||     4
         Punch             |       |       |     3 |     6 |       ||     9
         Morningstar       |       |       |    44 |   331 |       ||   375
         Great sword       |       |       |       |    86 |       ||    86
         Giant spiked club |       |       |       |     6 |    37 ||    43
  Throw: Dart              |       |     9 |     6 |       |       ||    15
 Invoke: Temporal Distorti |       |       |       |     3 |       ||     3
         Slouch            |       |       |       |       |     1 ||     1
Ability: Dig               |       |       |     1 |       |       ||     1
  Evoke: Wand              |     7 |     5 |    17 |     4 |       ||    33
    Use: Scroll            |     2 |     4 |     4 |     5 |     1 ||    16
         Potion            |       |       |     4 |     4 |     1 ||     9
   Stab: Sleeping          |     1 |       |     6 |       |       ||     7
 Armour: Leather armour    |    17 |    15 |    19 |       |       ||    51
         Skin              |       |     2 |     3 |     1 |       ||     6
         Ring mail         |       |       |    28 |       |       ||    28
         Chain mail        |       |       |    77 |   227 |    22 ||   326
  Dodge: Dodged            |    27 |    56 |   236 |   449 |    50 ||   818
